 Dungeon Crawl Stone Soup version 0.31.0-11-ge490571c62 (webtiles) character file.

Game seed: 13874953340790151127

257 qw the Skirmisher (level 5, -7/29 HPs)
             Began as a Deep Elf Hunter on Feb 3, 2024.
             Mangled by an ogre
             ... wielding a +0 giant club
              (32 damage)
             ... on level 4 of the Dungeon.
             The game lasted 00:00:08 (2032 turns).

qw the Skirmisher (Deep Elf Hunter)                 Turns: 2032, Time: 00:00:09

Health: -7/29      AC:  6    Str: 10    XL:     5   Next: 93%
Magic:  7/7        EV: 12    Int: 14    God:
Gold:   217        SH:  0    Dex: 18    Spells: 4/4 levels left

rFire   . . .        b - +4 triple crossbow (flame)
rCold   . . .        (shield currently unavailable)
rNeg    . . .        c - +0 leather armour
rPois   +            f - +0 helmet
rElec   .            i - +0 cloak
rCorr   .            g - +0 pair of gloves
SInv    .            (no boots)
Will    .....        (no amulet)
Stlth   ++           e - ring of poison resistance
HPRegen 0.24/turn    (no ring)
MPRegen 0.10/turn

%: no passive effects
@: no status effects
A: no striking features
a: no special abilities


You were on level 4 of the Dungeon.
You visited 1 branch of the dungeon, and saw 4 of its levels.

You collected 217 gold pieces.


   Skills:
 - Level 1.5 Fighting
 - Level 9.5 Ranged Weapons
 + Level 2.4 Dodging
 - Level 1.2 Stealth


You had 4 spell levels left.
You didn't know any spells.
Your spell library was empty.

Inventory:

Hand Weapons
 b - a +4 triple crossbow of flaming (weapon)
Armour
 c - a +0 leather armour (worn)
 f - a +0 helmet (worn)
 g - a +0 pair of gloves (worn)
 i - a +0 cloak (worn)
Jewellery
 e - a ring of poison resistance (left hand)
Wands
 d - a wand of polymorph (13)
Scrolls
 h - 2 scrolls of identify

Dungeon Overview and Level Annotations

Branches:
Dungeon (4/15)
 Temple: D:4-7

Altars:


Message History

2022 ||| RETREEEEATING.
The river rat closely misses you.
2023 ||| RETREEEEATING.
The bat closely misses you. Eustachio hits you but does no damage.
2024 ||| RETREEEEATING.
Eustachio hits you with a +0 rapier. The quokka barely misses you.
The river rat attacks as it pursues you!
The river rat misses you. The bat closely misses you.
2025 ||| RETREEEEATING.
The bat misses you. Eustachio hits you but does no damage.
2026 ||| RETREEEEATING.
The quokka attacks as it pursues you! The quokka misses you.
The bat barely misses you.
The quokka bites you but does no damage.
2027 ||| RETREEEEATING.
The bat hits you but does no damage.
2028 ||| RETREEEEATING.
You shoot a bolt. The bolt hits the river rat.
The bolt burns the river rat.
The river rat is almost dead.
The bat barely misses you. The river rat barely misses you.
You shoot a bolt. The bolt hits the river rat.
The bolt burns the river rat.
You kill the river rat!
The river rat's corpse disappears in a puff of smoke!
The bat hits you but does no damage. The quokka barely misses you.
The quokka bites you.
You shoot a bolt. The bolt closely misses the quokka.
The bolt hits Eustachio!!
The bolt burns Eustachio.
You kill Eustachio!
The rat disappears in a puff of smoke!
The quokka disappears in a puff of smoke!
The bat disappears in a puff of smoke!
You hear the slow rusting of a very distant drain.
The ogre barely misses you.
Your Ranged Weapons skill increases to level 9!
You have reached level 5!
You shoot a bolt. The bolt hits the ogre!!
The bolt burns the ogre.
The ogre is almost dead.
The ogre hits you with a +0 giant club!!
Ouch! That really hurt!
You die...

#..## .## ##..##
#....
##..######......
##......r..#
#..¤¤...####
##.¤.¤### ##¤)##
##O# #@# #.##
#..# #..# ##.#
#..# ##..#
##..<# #..###


You could see an ogre.

Vanquished Creatures
  Eustachio (D:4)
  5 adders
  A ribbon worm (D:3)
  5 dart slugs
  6 endoplasms
  4 giant cockroaches
  6 goblins
  8 hobgoblins
  4 jackals (D:3)
  3 quokkas
  7 ball pythons
  2 bats
  4 frilled lizards
  7 kobolds
  9 rats
72 creatures vanquished.

Notes
Turn   | Place    | Note
-------+----------+-------------------------------------------
     0 | D:1      | qw the Deep Elf Hunter began the quest for the Orb.
     0 | D:1      | Reached XP level 1. HP: 12/12 MP: 3/3
     0 | D:1      | 0 ||| qw: Version: 0.3-a-158-g18b3111
     0 | D:1      | 0 ||| qw: Game counter: 4289
     0 | D:1      | 0 ||| qw: Melee chars always use a shield: true
     0 | D:1      | 0 ||| qw: God list: Okawaru
     0 | D:1      | 0 ||| qw: Allow faded altars: false
     0 | D:1      | 0 ||| qw: Do Orc after clearing Dungeon:15 true
     0 | D:1      | 0 ||| qw: Do second Lair branch before Depths: true
     0 | D:1      | 0 ||| qw: Lair rune preference: random
     0 | D:1      | 0 ||| qw: Goals: Normal
     0 | D:1      | 0 ||| PLANNING D:1-11
   103 | D:1      | Reached XP level 2. HP: 16/16 MP: 4/4
   121 | D:1      | Reached skill level 6 in Ranged Weapons
   588 | D:1      | 588 ||| UPGRADING to +0 helmet.
   593 | D:1      | 593 ||| UPGRADING to +0 pair of gloves.
   598 | D:1      | 598 ||| READING scroll labelled BOHUPA IXKE.
   599 | D:1      | 599 ||| READING scroll labelled QEWIPSUHUE.
   600 | D:1      | 600 ||| DROPPING scroll of butterflies.
   667 | D:2      | Reached XP level 3. HP: 20/20 MP: 5/5
   704 | D:2      | Reached skill level 7 in Ranged Weapons
   794 | D:2      | Reached XP level 4. HP: 19/25 MP: 6/6
  1177 | D:2      | 1177 ||| READING scroll of identify.
  1177 | D:2      | 1177 ||| IDENTIFYING red potion
  1178 | D:2      | 1178 ||| DROPPING potion of attraction.
  1456 | D:3      | Reached skill level 8 in Ranged Weapons
  1484 | D:3      | Found a faded altar of an unknown god.
  1949 | D:3      | 1949 ||| UPGRADING to +0 cloak.
  1954 | D:3      | 1954 ||| UPGRADING to ring of poison resistance.
  1955 | D:3      | 1955 ||| READING 4 scrolls of identify.
  1955 | D:3      | 1955 ||| IDENTIFYING scroll labelled HASYPEA NAOM
  1955 | D:3      | Identified a scroll of acquirement
  1956 | D:3      | 1956 ||| READING scroll of acquirement.
  1956 | D:3      | 1956 ||| ACQUIRING +4 triple crossbow of flaming
  1956 | D:3      | Acquired a +4 triple crossbow of flaming
  1958 | D:3      | 1958 ||| SWAPPING to +4 triple crossbow of flaming.
  1959 | D:3      | 1959 ||| DROPPING +0 shortbow.
  1960 | D:3      | 1960 ||| READING 3 scrolls of identify.
  1960 | D:3      | 1960 ||| IDENTIFYING scroll labelled VAUS VOWELYUS
  1961 | D:3      | 1961 ||| DROPPING scroll of fear.
  1989 | D:4      | 1989 ||| PLANNING SEWER
  2016 | D:4      | Noticed Eustachio
  2016 | D:4      | Noticed an ogre
  2017 | D:4      | 2017 ||| RETREEEEATING.
  2021 | D:4      | 2021 ||| RETREEEEATING.
  2022 | D:4      | 2022 ||| RETREEEEATING.
  2023 | D:4      | 2023 ||| RETREEEEATING.
  2024 | D:4      | 2024 ||| RETREEEEATING.
  2025 | D:4      | 2025 ||| RETREEEEATING.
  2026 | D:4      | 2026 ||| RETREEEEATING.
  2027 | D:4      | 2027 ||| RETREEEEATING.
  2028 | D:4      | 2028 ||| RETREEEEATING.
  2031 | D:4      | Killed Eustachio
  2032 | D:4      | Reached skill level 9 in Ranged Weapons
  2032 | D:4      | Reached XP level 5. HP: 24/29 MP: 7/7
  2032 | D:4      | Mangled by an ogre

Levels and vault maps discovered:
D:1:      dpeg_arrival_pits, layout_loops_ring
D:2:      layout_basic
D:3:      layout_rooms, ebering_ecumenical_altar_abandoned, grunt_ministairs_11
D:4:      layout_layer_cave, cheibrodos_sewer_entry_bend,
          minmay_misc_feat_tower, uniq_eustachio

Skill      XL: |  1  2  3  4 |
---------------+-------------+-----
Ranged Weapons | 6 7 9 |  9.5
Fighting       | |  1.5
Dodging        | |  2.4
Stealth        | |  1.2

Action                     |  1- 3 |  4- 6 || total
---------------------------+-------+-------++-------
   Fire: Shortbow          |   101 |    94 ||   195
         Triple crossbow   |       |     8 ||     8
    Use: Scroll            |     2 |     4 ||     6
 Armour: Leather armour    |    12 |    32 ||    44
  Dodge: Dodged            |    28 |    50 ||    78

Table legend:
 A = Non-vault XP
 B = Vault XP
 C = Vault XP percentage of total XP
 D = Non-vault monster count
 E = Vault monster count
 F = Vault count percentage of total count
                 A         B        C        D         E       F
            +---------+---------+-------+---------+---------+-------
      Total |     182 |     186 |  50.5 |      69 |       3 |   4.2
            +---------+---------+-------+---------+---------+-------
        D:1 |      32 |       0 |   0.0 |      21 |       0 |   0.0
        D:2 |      80 |       0 |   0.0 |      25 |       0 |   0.0
        D:3 |      68 |       4 |   5.6 |      22 |       2 |   8.3
        D:4 |       2 |     182 |  98.9 |       1 |       1 |  50.0
            +---------+---------+-------+---------+---------+-------
